cohdb
Replays
Latest Replays
All Replays
Popular Replays
Top Player Replays
Match Explorer
How It Works
Community
CoH3 Stats
Reddit
Sign in to upload your games and track your stats! →
Sign in with Steam
Match 42121875
Unlisted
Match 42121875
Overview
Messages
Build Orders
End
Scout Squad
Construct Barracks
Selects Advanced Infantry Battlegroup
Riflemen Squad
Riflemen Squad
Grenade Package
Riflemen Squad
Construct Medical Station
Construct Medical Station
Selects Ammunition Storage
Infantry Support Center
Construct Weapon Support Center
M1919 Machine Gun Team
CAuMOH
Kitsuné
hoshot
헤네시스택시기사
0
0
Comments
sign in to comment!
No comments posted yet!